 Dungeon Crawl Stone Soup version 0.21-a0-273-g0785366 (webtiles) character file.

4 Monsterracer the Insei (level 1, 0/15 HPs)
             Began as a Gnoll Transmuter on Sept 16, 2017.
             Slain by a hobgoblin (4 damage)
             ... on level 1 of the Dungeon.
             The game lasted 00:00:19 (130 turns).

Monsterracer the Insei (Gnoll Transmuter)            Turns: 130, Time: 00:00:20

Health: 0/15       AC:  2    Str:  7    XL:     1   Next: 70%
Magic:  3/4        EV: 12    Int:  7    God:
Gold:   0          SH:  0    Dex:  7    Spells: 5/6 levels left

rFire    . . .     SeeInvis .     - Unarmed
rCold    . . .     Gourm    .   (no shield)
rNeg     . . .     Faith    .   b - +0 robe
rPois    .         Spirit   .   (no helmet)
rElec    .         Reflect  .   (no cloak)
rCorr    .         Harm     .   (no gloves)
MR       .....                  (boots currently unavailable)
Stlth    +.........             (no amulet)
HPRegen  0.05/turn              (no ring)
MPRegen  0.09/turn              (no ring)

@: appendage (expiring)
A: unchanging attributes, fangs 1, talons 3, strong nose
a: End Transformation


You were on level 1 of the Dungeon.
You were not hungry.
You had grown temporary talons.
You visited 1 branch of the dungeon, and saw 1 of its levels.

Inventory:

Missiles
 a - 12 arrows
Armour
 b - a +0 robe (worn)
Scrolls
 e - a scroll of enchant armour {unknown}
Potions
 f - a potion of might {unknown}
Books
 c - a book of Changes

   Spells                             Type                      Level
   a - Beastly Appendage              Transmutation                1
   b - Sticks to Snakes               Transmutation                2
   c - Spider Form                    Transmutation/Poison         3
   d - Ice Form                       Ice/Transmutation            4
   e - Blade Hands                    Transmutation                5
Comestibles
 d - a bread ration


   Skills:
 - Level 1.3 Fighting
 - Level 2.6 Dodging
 + Level 4.2 Unarmed Combat
 - Level 3.0 Spellcasting
 + Level 3.0 Transmutations


You had 5 spell levels left.
You knew the following spells:

 Your Spells              Type           Power        Failure   Level  Hunger
a - Beastly Appendage     Tmut           #.....       10%         1    ##.....


Dungeon Overview and Level Annotations

Branches:
Dungeon (1/15)

Altars:


Innate Abilities, Weirdness & Mutations

Your physical attributes are unchanging.
You have very sharp teeth.
Your uncanny sense of smell can sniff out nearby items.
You have claws for feet.


Message History

Huge Dmg: -13%(-2hp) hp: 47%(7hp)
You barely miss the hobgoblin.
The hobgoblin is lightly wounded.
The hobgoblin barely misses you.
Unknown command.
You hit the hobgoblin.
The hobgoblin is almost dead.
Your transformation is almost over.
The hobgoblin barely misses you.
You barely miss the hobgoblin.
You claw the hobgoblin, but do no damage.
You bite the hobgoblin, but do no damage.
The hobgoblin is almost dead.
The hobgoblin hits you.
* * * LOW HITPOINT WARNING * * *
Huge Dmg: -20%(-3hp) hp: 27%(4hp)
You closely miss the hobgoblin.
The hobgoblin is almost dead.
The hobgoblin hits you.
You die...

##.....?...# ..........#
#........ ###### .......
#####.<..# #....#
>≈§§'....+ #.#.###
#####....# # #.....#
..♣♣#....#♣♣♣♣.###w....#
.#.♣##''##......@gb....#
)#.........#######.....##
.#...####.......#.......#
.#..## ######.#.......#
.#.## #.#.......# ....###
#### #.##.....##
.[.....##...# #.##.....#
....##.#.....##.##.#.#.#
.#.## #.............#.#


You could see a dart slug, a hobgoblin and a bat.

Vanquished Creatures
  A bat (D:1)
  A giant cockroach (D:1)
  A hobgoblin (D:1)
  A goblin (D:1)
4 creatures vanquished.

Notes
Turn   | Place    | Note
-------+----------+-------------------------------------------
     0 | D:1      | Monsterracer the Gnoll Transmuter began the quest for the Orb.
     0 | D:1      | Reached XP level 1. HP: 15/15 MP: 4/4
   126 | D:1      | HP: 7/15 [hobgoblin (2)]
   130 | D:1      | Slain by a hobgoblin

Vault maps used:
D:1:      sevenhm_arrival_forest_fort_small_6

Skill      XL: |  1 |
---------------+----+-----
Transmutations | 3 |  3.0
Fighting       | |  1.3
Dodging        | |  2.6
Unarmed Combat | |  4.2
Spellcasting   | |  3.0

Action                   || total
-------------------------++-------
Melee: Unarmed           ||    29
       Kick              ||     2
       Bite              ||     2
       Headbutt          ||     1
 Cast: Beastly Appendage ||     5
Armor: Robe              ||     3
Dodge: Dodged            ||    18

Table legend:
 A = Spawn XP
 B = Non-spawn XP
 C = Spawn XP percentage of total XP
 D = Spawn monster count
 E = Non-spawn monster count
 F = Spawn count percentage of total count
 G = Total turns spent on level
                    A         B        C        D         E        F      G
               +---------+---------+-------+---------+---------+-------+---------
         Total |       0 |       7 |   0.0 |       0 |       4 |   0.0 |   130
               +---------+---------+-------+---------+---------+-------+---------
           D:1 |       0 |       7 |   0.0 |       0 |       4 |   0.0 |   130
               +---------+---------+-------+---------+---------+-------+---------
